 Dungeon Crawl Stone Soup version 0.31-a0-233-g139696dc86 (webtiles) character file.

Game seed: 6584599434442643604

2244 qw the Skirmisher (level 9, -6/57 HPs)
             Began as a Gargoyle Hexslinger on July 8, 2023.
             Was an Initiate of Okawaru.
             Mangled by a troll (10 damage)
             ... on level 9 of the Dungeon.
             The game lasted 00:02:16 (5547 turns).

qw the Skirmisher (Gargoyle Hexslinger)             Turns: 5547, Time: 00:02:16

Health: -6/57      AC: 13    Str: 18    XL:     9   Next: 37%
Magic:  10/10      EV: 11    Int: 14    God:    Okawaru [......]
Gold:   225        SH:  0    Dex: 16    Spells: 9/10 levels left

rFire   . . .        Y - +0 shortbow
rCold   . . .        (shield currently unavailable)
rNeg    + . .        e - +0 ring mail
rPois   inf          (no helmet)
rElec   +            p - +0 cloak
rCorr   +            (no gloves)
SInv    .            (no boots)
Will    .....        o - amulet of faith
Stlth   +            d - ring of resist corrosion
HPRegen 0.29/turn    k - +6 ring of strength
MPRegen 0.12/turn

%: faith
@: no status effects
A: sickness immunity, AC +6, negative energy resistance 1, electricity
resistance, torment resistance 1, petrification resistance
a: Renounce Religion


You were on level 9 of the Dungeon.
You worshipped Okawaru.
Okawaru was noncommittal.
You visited 2 branches of the dungeon, and saw 10 of its levels.
You also visited: Sewer.

You collected 225 gold pieces.


Innate Abilities, Weirdness & Mutations

You are immune to sickness and miasma.
Your stone body is resilient. (AC +6)
You are immune to poison.
You resist negative energy. (rN+)
You are resistant to electric shocks. (rElec)
You are resistant to unholy torment.
You are immune to petrification.


   Skills:
 - Level 7.0 Fighting
 + Level 10.1 Ranged Weapons
 - Level 2.5 Armour
 - Level 2.1 Dodging
 - Level 1.0 Spellcasting
 - Level 2.6 Hexes


You had 9 spell levels left.
You knew the following spells:

 Your Spells              Type           Power      Damage    Failure   Level
a - Slow                  Hex            32%        N/A       16%         1

Your spell library contained the following spells:

 Spells                   Type           Power      Damage    Failure   Level
 Inner Flame              Hex/Fire       4%         N/A       61%         3
 Portal Projectile        Hex/Tloc       8%         N/A       61%         3
 Cause Fear               Hex            4%         N/A       83%         4

Inventory:

Hand Weapons
 Y - a +0 shortbow (weapon)
Armour
 e - a +0 ring mail (worn)
 p - a +0 cloak (worn)
Jewellery
 d - a ring of resist corrosion (left hand)
 f - an amulet of regeneration
 k - a +6 ring of strength (right hand)
 o - an amulet of faith (around neck)
Scrolls
 c - a scroll of identify
Potions
 a - 4 potions of curing
 b - 2 potions of might
 i - a potion of resistance
 j - 5 potions of enlightenment
 l - a potion of berserk rage {unknown}
 q - a potion of haste

Dungeon Overview and Level Annotations

Branches:
Dungeon (10/15)            Temple (1/1) D:6           Sewer (visited)
   Lair: D:8-11         Orc: D:9-12

Altars:
Ashenzari
Dithmenos
Elyvilon
Fedhas
Gozag
Hepliaklqana
Kikubaaqudgha
Nemelex Xobeh
Okawaru
Qazlal
Ru
Vehumet
Wu Jian
Xom
Yredelemnul

Annotations:
D:7 Pikel


Message History

The troll is heavily wounded.
The troll bites you! The troll claws you but does no damage.
The troll completely misses you.
You shoot an arrow. The arrow closely misses the troll.
The troll bites you but does no damage.
The troll claws you but does no damage. x2
You shoot an arrow. The arrow hits the troll.
The troll is heavily wounded.
The troll bites you. The troll misses you. The troll claws you.
5540 ||| DRINKING 2 potions of heal wounds.
You feel much better. The troll bites you!
The troll claws you but does no damage. The troll claws you.
5541 ||| DRINKING potion of heal wounds.
You feel much better. The troll closely misses you.
The troll claws you but does no damage. The troll claws you!
You shoot an arrow. The arrow barely misses the troll.
The troll bites you. The troll claws you but does no damage.
The troll closely misses you.
You shoot an arrow. The arrow hits the troll.
The troll is heavily wounded.
The troll bites you! The troll barely misses you. The troll closely misses you.
You shoot an arrow.
The arrow hits the troll but does no damage.
The troll is heavily wounded.
The troll bites you but does no damage. The troll claws you.
The troll claws you but does no damage.
You shoot an arrow. The arrow hits the troll!
The troll is severely wounded.
The troll bites you. The troll completely misses you.
The troll closely misses you.
You shoot an arrow. The arrow hits the troll.
The troll is almost dead.
The troll bites you but does no damage. The troll claws you.
The troll claws you but does no damage.
You shoot an arrow. The arrow hits the troll.
The troll is almost dead.
The troll misses you. The troll claws you but does no damage.
The troll claws you!
You die...

#######
#.....#
#.....#
###.....#
.......#
#.?...#
#.....#
#.T@..#
#.....#
####.##
.# .# .#
.# .#


You could see a troll.

Vanquished Creatures
  Prince Ribbit (D:5)
  A steam dragon (D:6)
  2 ice beasts
  2 black bears
  An ogre (D:6)
  A centaur (D:10)
  3 phantoms
  2 kobold brigands (Sewer)
  3 scorpions
  2 bullfrogs
  4 killer bees (D:10)
  A howler monkey (D:6)
  2 hounds
  3 orc priests (D:5)
  2 sleepcaps
  A gnoll bouda (D:4)
  4 orc wizards
  5 adders
  6 gnolls
  An ufetubus (D:4)
  4 worms
  A dart slug (D:5)
  6 orcs
  8 endoplasms
  A giant cockroach (D:3)
  10 goblins
  3 hobgoblins
  11 jackals
  2 quokkas (D:1)
  8 ball pythons
  4 bats
  2 frilled lizards
  7 kobolds
  5 rats
119 creatures vanquished.

Vanquished Creatures (others)
  An orc (D:6)
1 creature vanquished.

Grand Total: 120 creatures vanquished

Notes
Turn   | Place    | Note
-------+----------+-------------------------------------------
     0 | D:1      | qw the Gargoyle Hexslinger began the quest for the Orb.
     0 | D:1      | Reached XP level 1. HP: 12/12 MP: 2/2
     0 | D:1      | 0 ||| qw: Version: 0.3-a-46-gb1f654a
     0 | D:1      | 0 ||| qw: Game counter: 3542
     0 | D:1      | 0 ||| qw: Melee chars always use a shield: true
     0 | D:1      | 0 ||| qw: God list: Okawaru
     0 | D:1      | 0 ||| qw: Allow faded altars: false
     0 | D:1      | 0 ||| qw: Do Orc after clearing Dungeon:15 true
     0 | D:1      | 0 ||| qw: Do second Lair branch before Depths: true
     0 | D:1      | 0 ||| qw: Lair rune preference: random
     0 | D:1      | 0 ||| qw: Goals: Normal
     0 | D:1      | 0 ||| PLANNING D:1-11
    54 | D:1      | 54 ||| FLEEEEING.
    55 | D:1      | 55 ||| FLEEEEING.
    56 | D:1      | 56 ||| FLEEEEING.
   119 | D:1      | Reached XP level 2. HP: 12/16 MP: 3/3
   218 | D:1      | Reached skill level 3 in Ranged Weapons
   435 | D:1      | Reached XP level 3. HP: 22/22 MP: 4/4
   632 | D:1      | 632 ||| UPGRADING to +0 ring mail.
   642 | D:1      | 642 ||| DROPPING +0 robe.
   643 | D:1      | 643 ||| UPGRADING to ring of resist corrosion.
   644 | D:1      | 644 ||| READING scroll labelled XOAN GE RAIKH.
   645 | D:1      | 645 ||| READING scroll labelled OSMIHO QURUBA.
   646 | D:1      | 646 ||| READING scroll labelled BYURHU VUEXOFROKH.
   647 | D:1      | 647 ||| DROPPING scroll of poison.
  1238 | D:2      | 1238 ||| READING scroll labelled VOGIPY WUDAOT.
  1266 | D:3      | 1266 ||| PLANNING SEWER
  1322 | D:3      | Noticed a scorpion
  1334 | D:3      | Killed a scorpion
  1335 | D:3      | Reached skill level 4 in Ranged Weapons
  1335 | D:3      | Reached XP level 4. HP: 17/27 MP: 5/5
  1424 | D:3      | Reached skill level 1 in Armour
  1424 | D:3      | Reached XP level 5. HP: 27/31 MP: 6/6
  1485 | D:3      | Found a blossoming altar of Fedhas.
  1570 | D:3      | Found a radiant altar of Vehumet.
  1869 | D:3      | Found a glowing drain.
  1870 | D:3      | 1870 ||| UPGRADING to amulet of regeneration.
  1875 | D:3      | 1875 ||| DROPPING amulet of guardian spirit.
  1876 | D:3      | 1876 ||| READING scroll labelled VOXKOOTH ADGHAI.
  1877 | D:3      | 1877 ||| DRINKING 4 ruby potions.
  1882 | Sewer    | Entered a sewer
  1932 | Sewer    | Noticed a kobold brigand
  1941 | Sewer    | Killed a kobold brigand
  1942 | Sewer    | Reached skill level 5 in Ranged Weapons
  1944 | Sewer    | Noticed a kobold brigand
  1945 | Sewer    | 1945 ||| Stepping ~*~*~tactically~*~*~ (water).
  1953 | Sewer    | Killed a kobold brigand
  1954 | Sewer    | Reached skill level 3 in Fighting
  1954 | Sewer    | Reached XP level 6. HP: 37/37 MP: 7/7
  1974 | Sewer    | Found a white marble altar of Elyvilon.
  2018 | D:3      | 2018 ||| PLANNING D:1-11
  2512 | D:4      | Noticed a black bear
  2514 | D:4      | Killed a black bear
  2606 | D:4      | Reached skill level 6 in Ranged Weapons
  2673 | D:4      | 2673 ||| FLEEEEING.
  2674 | D:4      | 2674 ||| FLEEEEING.
  2675 | D:4      | 2675 ||| FLEEEEING.
  2676 | D:4      | 2676 ||| FLEEEEING.
  2677 | D:4      | 2677 ||| FLEEEEING.
  2688 | D:4      | Reached XP level 7. HP: 37/43 MP: 8/8
  2947 | D:4      | Found a broken altar of Ashenzari.
  3349 | D:4      | 3349 ||| UPGRADING to +0 cloak.
  3354 | D:4      | 3354 ||| UPGRADING to amulet of faith.
  3364 | D:4      | 3364 ||| READING scroll labelled ROWNOCUGRU.
  3365 | D:4      | 3365 ||| READING scroll labelled KOROOT YPIY.
  3366 | D:4      | 3366 ||| DRINKING 2 pink potions.
  3367 | D:4      | 3367 ||| DROPPING potion of attraction.
  3390 | D:5      | Entered Level 5 of the Dungeon
  3395 | D:5      | Reached skill level 7 in Ranged Weapons
  3435 | D:5      | Found a hazy altar of Hepliaklqana.
  3554 | D:5      | 3554 ||| FLEEEEING.
  3555 | D:5      | 3555 ||| FLEEEEING.
  3562 | D:5      | 3562 ||| FLEEEEING.
  3563 | D:5      | 3563 ||| FLEEEEING.
  3564 | D:5      | 3564 ||| FLEEEEING.
  3565 | D:5      | 3565 ||| FLEEEEING.
  3566 | D:5      | 3566 ||| FLEEEEING.
  3567 | D:5      | 3567 ||| FLEEEEING.
  3568 | D:5      | 3568 ||| FLEEEEING.
  3569 | D:5      | 3569 ||| FLEEEEING.
  3575 | D:5      | 3575 ||| FLEEEEING.
  3576 | D:5      | 3576 ||| FLEEEEING.
  3585 | D:5      | 3585 ||| STAIRDANCE
  3606 | D:4      | 3606 ||| DRINKING 2 silvery potions.
  3636 | D:4      | 3636 ||| DROPPING potion of lignification.
  3917 | D:5      | Noticed Prince Ribbit
  3935 | D:5      | Reached skill level 8 in Ranged Weapons
  3935 | D:5      | Reached XP level 8. HP: 29/48 MP: 9/9
  3939 | D:5      | Killed Prince Ribbit
  4404 | D:5      | 4404 ||| UPGRADING to +6 ring of strength.
  4405 | D:5      | 4405 ||| READING 3 scrolls of identify.
  4405 | D:5      | 4405 ||| IDENTIFYING white potion
  4406 | D:5      | 4406 ||| READING 2 scrolls of identify.
  4406 | D:5      | 4406 ||| IDENTIFYING purple potion
  4407 | D:5      | 4407 ||| DROPPING potion of brilliance.
  4581 | D:6      | Reached skill level 9 in Ranged Weapons
  4852 | D:6      | Reached skill level 6 in Fighting
  4949 | D:6      | Reached XP level 9. HP: 55/55 MP: 10/10
  4973 | D:6      | Reached skill level 10 in Ranged Weapons
  5112 | D:6      | Found a staircase to the Ecumenical Temple.
  5113 | D:6      | 5113 ||| PLANNING TEMPLE
  5113 | D:6      | 5113 ||| READING scroll labelled CUGYDGHA GEOTIZI.
  5114 | D:6      | 5114 ||| DRINKING 2 inky potions.
  5115 | D:6      | 5115 ||| READING 2 scrolls of identify.
  5115 | D:6      | 5115 ||| IDENTIFYING murky black potion
  5121 | Temple   | Entered the Ecumenical Temple
  5122 | Temple   | 5122 ||| PLANNING OKAWARU WORSHIP
  5136 | Temple   | Became a worshipper of Warmaster Okawaru
  5137 | Temple   | 5137 ||| PLANNING D:1-11
  5259 | D:6      | 5259 ||| READING scroll labelled KEIFUUCZIM.
  5276 | D:7      | Noticed Pikel
  5276 | D:7      | You fall into a shaft and drop 3 floors!
  5276 | D:10     | Entered Level 10 of the Dungeon
  5353 | D:10     | 5353 ||| SWAPPING to +0 shortbow.
  5354 | D:10     | 5354 ||| DROPPING +1 sling of electrocution.
  5398 | D:10     | HP: 14/56 [killer bee (2)]
  5399 | D:10     | 5399 ||| DRINKING 4 potions of heal wounds.
  5510 | D:10     | 5510 ||| READING scroll labelled FEHUSU WAUKLU.
  5519 | D:9      | Noticed a troll
  5535 | D:9      | HP: 12/57 [troll (7)]
  5536 | D:9      | 5536 ||| DRINKING 3 potions of heal wounds.
  5539 | D:9      | HP: 5/57 [troll (5)]
  5540 | D:9      | 5540 ||| DRINKING 2 potions of heal wounds.
  5541 | D:9      | 5541 ||| DRINKING potion of heal wounds.
  5544 | D:9      | HP: 14/57 [troll (5)]
  5546 | D:9      | HP: 3/57 [troll (5)]
  5547 | D:9      | Mangled by a troll

Levels and vault maps discovered:
D:1:      kennysheep_arrival_seaside, layout_rooms,
          amcnicky_mini_corridor_feature, minmay_hexomino_p4
D:2:      layout_basic
D:3:      layout_loops_cross, mainiacjoe_overflow_tiny_flanked,
          nicolae_vehumet_altar_sigil, serial_co_window_serial,
          co_window_paths_a, co_window_paths_a, co_window_of_opportunity_a,
          co_window_of_opportunity_a, co_window_corner_a, co_window_broadway_a,
          co_window_corner_b, co_window_corner_b, co_window_corner_cb,
          co_window_broadway_b, glass_columns_c, glass_columns_c,
          glass_columns_c, portal_sewer_entry_e, chequers_serial_rivers_micro_b
D:4:      layout_loops_cross, ashenzari_conservatory_becter, kennysheep_path_1,
          kennysheep_flooded_box, nicolae_hexahallways
D:5:      layout_gridville, mainiacjoe_overflow_small_starburst,
          uniq_prince_ribbit1
D:6:      layout_basic, minmay_temple_entry_ruins
D:7:      layout_rooms, cheibriados_altar_1, lemuel_flamethrower_2, uniq_joseph,
          uniq_pikel
D:9:      layout_roguey, nicolae_tso_carved_into_rock
D:10:     cheibrodos_frozen_isle, layout_small_grid, zin_purify,
          serial_bayou_lagoon_a, uniq_fannar, uniq_josephine
Temple:   minmay_freezing_vapour_temple

Skill      XL: |  1  2  3  4  5  6  7  8  9 |
---------------+----------------------------+-----
Ranged Weapons | 3 4 5 6 8 9 10 | 10.1
Fighting       | 2 3 4 6 7 |  7.0
Armour         | 1 2 |  2.5
Dodging        | 2 |  2.1
Spellcasting   | |  1.0
Hexes          | |  2.6

Action                     |  1- 3 |  4- 6 |  7- 9 || total
---------------------------+-------+-------+-------++-------
   Fire: Sling             |   144 |   101 |   229 ||   474
         Shortbow          |       |       |    71 ||    71
    Use: Scroll            |     4 |     1 |     8 ||    13
         Potion            |       |     1 |     7 ||     8
 Armour: Robe              |    26 |       |       ||    26
         Ring mail         |    15 |    19 |   150 ||   184
  Dodge: Dodged            |    73 |    24 |   168 ||   265

Table legend:
 A = Non-vault XP
 B = Vault XP
 C = Vault XP percentage of total XP
 D = Non-vault monster count
 E = Vault monster count
 F = Vault count percentage of total count
                 A         B        C        D         E       F
            +---------+---------+-------+---------+---------+-------
      Total |    2729 |     478 |  14.9 |     110 |       9 |   7.6
            +---------+---------+-------+---------+---------+-------
        D:1 |      47 |       3 |   6.0 |      22 |       2 |   8.3
        D:2 |      13 |       0 |   0.0 |       7 |       0 |   0.0
        D:3 |     131 |       0 |   0.0 |      17 |       0 |   0.0
        D:4 |     376 |       0 |   0.0 |      26 |       0 |   0.0
        D:5 |     577 |     277 |  32.4 |      16 |       1 |   5.9
        D:6 |    1228 |       0 |   0.0 |      17 |       0 |   0.0
       D:10 |     357 |       0 |   0.0 |       5 |       0 |   0.0
      Sewer |       0 |     198 | 100.0 |       0 |       6 | 100.0
            +---------+---------+-------+---------+---------+-------
